 Dungeon Crawl Stone Soup version 0.27.1-1-g398f81649c (webtiles) character file.

Game seed: 10267759928941557507

79 Kangaroobicon the Skirmisher (level 4, -3/40 HPs)
             Began as a Draconian Berserker on Sept 13, 2021.
             Was a Believer of Trog.
             Slain by Grinder (7 damage)
             ... while paralysed by Grinder
             ... on level 3 of the Dungeon.
             The game lasted 00:16:54 (1453 turns).

Kangaroobicon the Skirmisher (Draconian Berserker)  Turns: 1453, Time: 00:16:55

Health: -3/40      AC:  5    Str: 20    XL:     4   Next: 17%
Magic:  4/4        EV:  2    Int:  7    God:    Trog [**....]
Gold:   64         SH:  0    Dex: 11    Spells: 3/3 levels left

rFire    . . .     SeeInvis .   a - +0 mace
rCold    . . .     Faith    .   (no shield)
rNeg     . . .     Spirit   .   (armour unavailable)
rPois    .         Reflect  .   (helmet restricted)
rElec    .         Harm     .   (no cloak)
rCorr    .         Rampage  .   (no gloves)
Will     .....                  (no boots)
Stlth    +.........             b - amulet of magic regeneration
HPRegen  0.13/turn              (no ring)
MPRegen  0.34/turn              (no ring)

@: paralysed
A: AC +5, unfitting armour, cold-blooded
a: Renounce Religion, Berserk, Trog's Hand


You were on level 3 of the Dungeon.
You worshipped Trog.
Trog was pleased with you.
You visited 1 branch of the dungeon, and saw 3 of its levels.

You collected 64 gold pieces.

Inventory:

Hand Weapons
 a - a +0 mace (weapon)
Missiles
 c - 49 stones (quivered)
 f - a throwing net
Jewellery
 b - an amulet of magic regeneration (around neck)
Potions
 h - a potion of mutation


   Skills:
 + Level 3.8 Fighting
 + Level 3.8 Maces & Flails
 + Level 0.3 Throwing
 + Level 3.4 Dodging
 + Level 0.5 Stealth


You had 3 spell levels left.
You didn't know any spells.
Your spell library was empty.

Dungeon Overview and Level Annotations

Branches:
Dungeon (3/15)

Altars:

Shops:
D:2 =

Annotations:
D:3 Grinder


Innate Abilities, Weirdness & Mutations

Your plain brown scales are hard. (AC +5)
You cannot fit into any form of body armour.
You are cold-blooded and may be slowed by cold attacks.


Message History

The giant cockroach is heavily wounded.
The giant cockroach bites you but does no damage.
Grinder blinks!
You hit the giant cockroach.
You kill the giant cockroach!
Trog accepts your kill. Grinder gestures at you.
You suddenly lose the ability to move!
Grinder hits you but does no damage. x2
Grinder gestures at you. Pain shoots through your body!
Grinder hits you but does no damage. Grinder hits you.
You writhe in agony.
* * * LOW HITPOINT WARNING * * *
You can move again.
You hit Grinder but do no damage. You tail-slap Grinder.
Grinder is lightly wounded.
Grinder blinks!
Unknown command.
You see here a brown potion.
h - a brown potion Grinder blinks!
c - 48 stones (gained 1)
c - 49 stones (gained 1)
As you read the scroll labelled RETAAL RORI, it crumbles to dust.
It is a scroll of identify.
h - a potion of mutation
As you read the scroll of identify, it crumbles to dust.
d - a scroll of noise
As you read the scroll of identify, it crumbles to dust.
g - a scroll of acquirement You drop a scroll of noise.
Grinder gestures at you. Pain shoots through your body!
* * * LOW HITPOINT WARNING * * *
Something appears at your feet! Grinder gestures at you.
You suddenly lose the ability to move!
Grinder hits you!
You die...

### ..# .#.#####.#
.........# #.....@.# #.#
#######5# . #.. #.# ##...
.#.##############.#......
.#........5.........#
......###########...#
##.##.# #...# ##..#.#
#...# ....#.# #...#


You could see Grinder.

Vanquished Creatures
  3 adders
  3 dart slugs
  4 bats
  3 endoplasms
  4 giant cockroaches
  3 hobgoblins (D:1)
  4 jackals (D:1)
  2 quokkas (D:2)
  4 ball pythons
  2 frilled lizards
  A goblin (D:1)
  6 kobolds
  6 rats
45 creatures vanquished.

Vanquished Creatures (others)
  A plant (D:1)
  6 withered plants (D:1)
7 creatures vanquished.

Grand Total: 52 creatures vanquished

Notes
Turn   | Place    | Note
-------+----------+-------------------------------------------
     0 | D:1      | Kangaroobicon the Draconian Berserker began the quest for
                  | the Orb.
     0 | D:1      | Reached XP level 1. HP: 19/19 MP: 1/1
    27 | D:1      | Found a faded altar of an unknown god.
   124 | D:1      | Reached XP level 2. HP: 23/26 MP: 2/2
   540 | D:1      | You fall into a shaft and drop 1 floor!
   550 | D:2      | Reached XP level 3. HP: 28/33 MP: 3/3
   642 | D:2      | Found Keuskaoc's Jewellery Boutique.
   792 | D:2      | Reached ** piety under Trog
  1366 | D:3      | Reached XP level 4. HP: 26/40 MP: 4/4
  1421 | D:3      | Noticed Grinder
  1429 | D:3      | Paralysed by Grinder for 7 turns
  1448 | D:3      | Identified a scroll of acquirement
  1450 | D:3      | Acquired the ring of Fytseun {rElec Will- EV+4 Dex+4
                  | Stlth+}
  1450 | D:3      | Paralysed by Grinder for 4 turns
  1453 | D:3      | Slain by Grinder

Illustrated notes

Levels and vault maps discovered:
D:1:      wander_arrival_chamber, layout_basic,
          shapermc_ecumenical_altar_flowoftime
D:2:      layout_basic, serial_shops, shop
D:3:      layout_basic, uniq_grinder, uniq_crazy_yiuf_cottage

Skill      XL: |  1  2 |
---------------+-------+-----
Dodging        | 3 |  3.4
Fighting       | |  3.8
Maces & Flails | |  3.8
Throwing       | |  0.3
Stealth        | |  0.5

Action                   |  1- 3 |  4- 6 || total
-------------------------+-------+-------++-------
Melee: Mace              |   170 |     7 ||   177
       Tailslap          |    27 |     2 ||    29
Throw: Stone             |    15 |     7 ||    22
  Use: Scroll            |       |     4 ||     4
 Stab: Sleeping          |     1 |       ||     1
Armor: Skin              |    49 |     5 ||    54
Dodge: Dodged            |   106 |     3 ||   109
